 Dungeon Crawl Stone Soup version 0.27.1-33-g824d729ab1 (webtiles) character file.

Game seed: 6308163115267137008

2480 pkoi the Martial Artist (level 9, -5/70 HPs)
             Began as a Yellow Draconian Monk on Dec 17, 2021.
             Was a Believer of the Shining One.
             Slain by an orc warrior (10 damage)
             ... on level 6 of the Dungeon.
             The game lasted 00:10:31 (8529 turns).

pkoi the Martial Artist (Yellow Draconian Monk)     Turns: 8529, Time: 00:10:32

Health: -5/70      AC:  8    Str: 13    XL:     9   Next: 27%
Magic:  9/9        EV: 14    Int: 21    God:    the Shining One [**....]
Gold:   256        SH:  0    Dex: 13    Spells: 8/8 levels left

rFire    + . .     SeeInvis .     - Unarmed
rCold    . . .     Faith    .   (no shield)
rNeg     + . .     Spirit   .   (armour unavailable)
rPois    .         Reflect  .   (helmet restricted)
rElec    .         Harm     .   (no cloak)
rCorr    +         Rampage  .   j - +0 pair of gloves
Will     .....                  (no boots)
Stlth    +.........             (no amulet)
HPRegen  0.21/turn              h - ring of protection from fire
MPRegen  0.11/turn              q - +6 ring of intelligence

@: short of breath, flying, glowing
A: spit acid, AC +7, unfitting armour, cold-blooded, acid resistance, big wings,
hooves 1
a: Breathe Acid, Renounce Religion, Divine Shield


You were on level 6 of the Dungeon.
You worshipped the Shining One.
The Shining One was pleased with you.
You visited 2 branches of the dungeon, and saw 8 of its levels.

You collected 256 gold pieces.

Inventory:

Hand Weapons
 o - a +0 dagger of venom
Missiles
 t - 2 boomerangs (quivered)
 v - 12 poisoned darts
Armour
 j - a +0 pair of gloves (worn)
Jewellery
 h - a ring of protection from fire (left hand)
 q - a +6 ring of intelligence (right hand)
 s - a ring of ice
 u - a ring of see invisible
 y - a ring of protection from cold
Wands
 f - a wand of flame (16)
 n - a wand of acid (2)
Scrolls
 a - 2 scrolls of blinking
 b - 3 scrolls of teleportation
 c - a scroll of enchant weapon
 g - 3 scrolls of identify
 k - a scroll of vulnerability {unknown}
 l - a scroll of amnesia {unknown}
 m - a scroll of magic mapping {unknown}
 p - a scroll of noise {unknown}
 w - a scroll of acquirement {unknown}
 x - a scroll of torment {unknown}
Potions
 d - a potion of lignification
 e - a potion of berserk rage {unknown}
 i - a potion of curing
 r - a potion of haste {unknown}


   Skills:
 - Level 3.2 Fighting
 + Level 5.5 Dodging
 - Level 1.7 Stealth
 * Level 11.6 Unarmed Combat


You had 8 spell levels left.
You didn't know any spells.
Your spell library contained the following spells:

 Spells                   Type           Power      Damage    Failure   Level
 Sandblast                Erth           0%         2d4       19%         1
 Passwall                 Tmut/Erth      0%         N/A       26%         2
 Ozocubu's Armour         Ice            0%         N/A       47%         3
 Olgreb's Toxic Radiance  Pois           0%         N/A       87%         4
 Lee's Rapid Deconstruct  Erth           0%         3d5*      99%         5
 Metabolic Englaciation   Hex/Ice        0%         N/A       99%         5
 Simulacrum               Ice/Necr       0%         N/A       100%        6
 Ozocubu's Refrigeration  Ice            0%         4d5       100%        7
 Ignition                 Fire           0%         3d3       100%        8


Dungeon Overview and Level Annotations

Branches:
Dungeon (7/15)             Temple (1/1) D:4

Altars:
Ashenzari
Cheibriados
Fedhas
Gozag
Hepliaklqana
Kikubaaqudgha
Makhleb
Nemelex Xobeh
Okawaru
Sif Muna
Trog
Wu Jian
Xom
Yredelemnul
Zin
The Shining One

Annotations:
D:3 1 runed translucent door, zeram's ghost, amateur SpHu


Innate Abilities, Weirdness & Mutations

You can spit globs of acid.
Your golden yellow scales are hard. (AC +7)
You cannot fit into any form of body armour.
You are cold-blooded and may be slowed by cold attacks.
You are resistant to acid. (rCorr)
Your large and strong wings let you fly.
You have large cloven feet.


Message History

Press: ? - help, Shift-Dir - straight line, f/p - orc warrior
Aim: an orc warrior, wielding a +0 battleaxe and wearing a +0 chain mail (moderately wounded, haloed, 78% to hit)
The bolt of acid hits the orc warrior!
The orc warrior is splashed with acid.
The orc warrior is almost dead.
The orc warrior barely misses you.
Unknown command.
You barely miss the orc warrior.
The orc warrior is almost dead.
The orc warrior completely misses you.
You barely miss the orc warrior.
You kick the orc warrior, but do no damage.
The orc warrior is almost dead.
You hit the orc warrior. Your kick misses the orc warrior.
The orc warrior is almost dead.
The orc warrior hits you with a +0 battleaxe.
* * * LOW HITPOINT WARNING * * *
You completely miss the orc warrior.
You tail-slap the orc warrior, but do no damage.
The orc warrior is almost dead.
The orc warrior hits you with a +0 battleaxe.
* * * LOW HITPOINT WARNING * * *
You hit the orc warrior but do no damage.
Your kick misses the orc warrior.
The orc warrior is almost dead.
The orc warrior completely misses you.
You hit the orc warrior but do no damage.
The orc warrior is almost dead.
The orc warrior barely misses you.
The orc warrior hits you with a +0 battleaxe.
* * * LOW HITPOINT WARNING * * *
You have got your breath back.
The orc warrior hits you with a +0 battleaxe!
* * * LOW HITPOINT WARNING * * *
Press: ? - help, Shift-Dir - straight line, f/p - orc warrior
Aim: an orc warrior, wielding a +0 battleaxe and wearing a +0 chain mail (almost dead, haloed)
You spit a glob of acid.
The glob of acid hits the orc warrior but does no damage.
The orc warrior is almost dead.
The orc warrior hits you with a +0 battleaxe!
You die...

#.....##. #.....##.
#........
#########....##.
#.......#'#####.
#########.......#....###
#...............#....##.
#...............#......#
#.....o@........########
#.....................##
#.....................##
#............>.........#
#......................#
#......................#
#.............#####.....
#######'###..##...####..
#........#.##.....###..


You could see an orc warrior.

Vanquished Creatures
  Pikel (D:3)
  A steam dragon (D:5)
  2 water moccasins (D:5)
  A sky beast (D:6)
  4 ice beasts
  An ogre (D:6)
  A centaur (D:6)
  2 phantoms (D:5)
  A kobold brigand (D:6)
  A scorpion (D:6)
  A wyvern zombie (D:5)
  A bullfrog zombie (D:5)
  A centaur zombie (D:6)
  A hound (D:3)
  An orc priest (D:2)
  A bullfrog skeleton (D:3)
  3 jellies
  Jessica (D:2)
  5 iguanas
  4 orc wizards
  A killer bee zombie (D:6)
  A hound skeleton (D:4)
  3 gnolls
  9 adders
  2 river rats (D:5)
  3 white imps
  An adder skeleton (D:5)
  A worm (D:2)
  11 orcs
  8 endoplasms
  4 giant cockroaches
  7 goblins
  7 hobgoblins
  3 jackals (D:1)
  15 kobolds
  2 quokkas
  6 ball pythons
  3 bats
  8 rats
129 creatures vanquished.

Vanquished Creatures (others)
  A hound (D:6)
1 creature vanquished.

Grand Total: 130 creatures vanquished

Notes
Turn   | Place    | Note
-------+----------+-------------------------------------------
     0 | D:1      | pkoi the Draconian Monk began the quest for the Orb.
     0 | D:1      | Reached XP level 1. HP: 19/19 MP: 1/1
   186 | D:1      | Reached XP level 2. HP: 4/26 MP: 2/2
   196 | D:1      | Gained mutation: You have large cloven feet. [potion of
                  | mutation]
   196 | D:1      | Gained mutation: Your large and strong wings let you fly.
                  | [potion of mutation]
   767 | D:1      | Reached skill level 4 in Unarmed Combat
  1106 | D:2      | Noticed Jessica
  1108 | D:2      | Killed Jessica
  1109 | D:2      | Reached XP level 3. HP: 31/31 MP: 3/3
  1246 | D:2      | Reached skill level 5 in Unarmed Combat
  1246 | D:2      | Reached XP level 4. HP: 36/38 MP: 4/4
  1630 | D:2      | Reached XP level 5. HP: 26/45 MP: 5/5
  2022 | D:3      | Reached skill level 6 in Unarmed Combat
  2408 | D:3      | Noticed zeram's ghost (amateur SpHu)
  2411 | D:3      | Found a runed translucent door.
  2888 | D:3      | Reached XP level 6. HP: 36/51 MP: 6/6
  3431 | D:4      | Reached skill level 7 in Unarmed Combat
  3754 | D:4      | Noticed Pikel
  3817 | D:3      | Killed Pikel
  3818 | D:3      | Reached skill level 9 in Unarmed Combat
  3818 | D:3      | Your scales start taking on a golden yellow colour.
  3818 | D:3      | Reached XP level 7. HP: 31/57 MP: 7/7
  3818 | D:3      | Gained mutation: You are resistant to acid. (rCorr) [Yellow
                  | Draconian growth]
  4199 | D:4      | Found a staircase to the Ecumenical Temple.
  4329 | D:4      | Found a hazy altar of Hepliaklqana.
  4330 | D:4      | Found a shimmering altar of Xom.
  4331 | D:4      | Noticed a spectral ugly thing
  4502 | Temple   | Entered the Ecumenical Temple
  4698 | Temple   | Became a worshipper of the Shining One
  4698 | Temple   | Reached * piety under the Shining One
  4698 | Temple   | Reached ** piety under the Shining One
  4741 | D:5      | Entered Level 5 of the Dungeon
  4896 | D:5      | Reached XP level 8. HP: 47/63 MP: 8/8
  5405 | D:5      | Reached skill level 10 in Unarmed Combat
  5497 | D:5      | Found an iron altar of Okawaru.
  6726 | D:6      | Found a burning altar of Makhleb.
  7054 | D:6      | Reached skill level 11 in Unarmed Combat
  7247 | D:6      | Found a broken altar of Ashenzari.
  7292 | D:6      | Found a shimmering blue altar of Sif Muna.
  7301 | D:6      | Reached skill level 5 in Dodging
  7301 | D:6      | Reached XP level 9. HP: 31/70 MP: 9/9
  7855 | D:6      | Found a bloodstained altar of Trog.
  8529 | D:6      | Slain by an orc warrior

Illustrated notes

Levels and vault maps discovered:
D:1:      minmay_arrival_four_circles, layout_basic
D:2:      layout_rooms, minmay_misc_feat_iff, uniq_jessica
D:3:      layout_basic, hellmonk_ghost_happy_afterlife
D:4:      layout_basic, regret_index_temple_of_mockery, temple_pool_b,
          kennysheep_cluttered_room, uniq_pikel
D:5:      layout_basic, mainiacjoe_overflow_small_starburst,
          portal_sewer_entry_e
D:6:      minmay_angry_zag, layout_gridville,
          mainiacjoe_overflow_concentric_impassable, lightli_temple_of_fire,
          lemuel_round_altar, mainiacjoe_overflow_tiny_flanked,
          minmay_misc_feat_tower, corexii_checkpoint_b
D:7:      layout_cave_pools, old_standard_altar, vehumet_altar_wand_db,
          grunt_dithmenos_smoke_and_mirrors
Temple:   grunt_temple_mini_profane

Skill      XL: |  1  2  3  4  5  6  7  8 |
---------------+-------------------------+-----
Unarmed Combat | 4 5 6 9 11 | 11.6
Dodging        | 3 5 |  5.5
Fighting       | |  3.2
Stealth        | |  1.7

Action                   |  1- 3 |  4- 6 |  7- 9 || total
-------------------------+-------+-------+-------++-------
Melee: Unarmed           |    73 |   141 |   240 ||   454
       Tailslap          |    10 |    16 |    19 ||    45
       Kick              |     8 |    37 |    53 ||    98
       Punch             |     2 |     4 |    11 ||    17
 Abil: Breathe Acid      |       |       |     3 ||     3
Evoke: Wand              |       |     3 |     1 ||     4
  Use: Potion            |     1 |     8 |       ||     9
       Scroll            |       |     5 |       ||     5
 Stab: Sleeping          |     6 |     5 |       ||    11
Armor: Skin              |    14 |    29 |    68 ||   111
Dodge: Dodged            |    28 |    82 |   134 ||   244
